 Dungeon Crawl Stone Soup version 0.25.1-8-g42b30a86e7 (webtiles) character file.

Game seed: 8693055813552354184

93 DuloT34 the Poker (level 4, -2/34 HPs)
             Began as a Merfolk Gladiator on Dec 20, 2020.
             Killed by nerve-wracking pain
             ... invoked by a shadow imp
             ... summoned by Natasha
              (14 damage)
             ... on level 3 of the Dungeon.
             The game lasted 00:07:10 (2749 turns).

DuloT34 the Poker (Merfolk Gladiator)               Turns: 2749, Time: 00:07:11

Health: -2/34      AC:  4    Str: 14    XL:     4   Next: 62%
Magic:  4/4        EV: 15    Int:  7    God:
Gold:   101        SH:  0    Dex: 16    Spells: 3/3 levels left

rFire    . . .     SeeInvis .   a - +0 trident
rCold    . . .     Gourm    .   (no shield)
rNeg     . . .     Faith    .   b - +0 leather armour
rPois    .         Spirit   .   c - +0 helmet
rElec    .         Reflect  .   (no cloak)
rCorr    .         Harm     .   (no gloves)
MR       .....                  (no boots)
Stlth    ++........             (no amulet)
HPRegen  0.11/turn              (no ring)
MPRegen  0.09/turn              (no ring)

@: stab
A: change form in water, swift swim, stealthy swim
a: no special abilities


You were on level 3 of the Dungeon.
You were not hungry.

You visited 1 branch of the dungeon, and saw 3 of its levels.

You collected 101 gold pieces.

Inventory:

Hand Weapons
 a - a +0 trident (weapon)
Missiles
 d - 3 throwing nets (quivered)
Armour
 b - a +0 leather armour (worn)
 c - a +0 helmet (worn)
Scrolls
 i - 4 scrolls of identify
 l - a scroll of remove curse
 m - a scroll of enchant weapon {unknown}
Potions
 e - 2 potions of degeneration
 g - a potion of stabbing
 j - a potion of lignification {unknown}
 k - a potion of curing
 n - a potion of cancellation {unknown}
 o - a potion of ambrosia {unknown}
Comestibles
 f - 7 rations
 h - a chunk of flesh


   Skills:
 + Level 2.7 Fighting
 - Level 5.4 Polearms
 + Level 2.0 Throwing
 - Level 1.0 Armour
 + Level 5.1 Dodging
 + Level 1.3 Stealth


You had 3 spell levels left.
You didn't know any spells.
Your spell library was empty.

Dungeon Overview and Level Annotations

Branches:
Dungeon (3/15)

Altars:
Fedhas
Nemelex Xobeh
Okawaru
Trog

Annotations:
D:3 Natasha


Message History

Sorry, you're not good enough to have a special ability.
As you read the scroll labeled GUYDEM WAUQAF, it crumbles to dust.
It is a scroll of identify.
e - 2 potions of degeneration The crimson imp blinks!
It was a potion of stabbing.
You feel ready to backstab.
It was a potion of curing.
You feel better. The shadow imp misses you. The crimson imp puffs mist at you.
The crimson imp hits you. The shadow imp gestures at you.
You barely resist. You closely miss the crimson imp.
The crimson imp misses you.
You hit the crimson imp.
The crimson imp is moderately wounded.
The shadow imp shouts, "Bolt, thou feckless guts-griping guttersnipe!"
The crimson imp blinks!
The shadow imp gestures at you. Pain shoots through your body!
You die...

########## #######
#........# #.....#
#.######.# #.###.#
#####.######.######.###.###
#...5....5ยง.@....##.......#
#.###.##h###.###......#.#.#
#.#...##.# ####.#.#.#.#
#.h....#.# #.....#.#
#........# #.#..##.#
####.##### #.##.##.# #.#
#.##.##.# #.# #.##.##.#
##'## #[......#


You could see Natasha and a shadow imp (summoned).

Vanquished Creatures
  An adder (D:2)
  A howler monkey skeleton (D:2)
  An ooze (D:3)
  3 dart slugs
  2 leopard geckos
  5 orcs (D:3)
  2 ball pythons
  2 bats (D:1)
  4 giant cockroaches
  4 goblins
  6 hobgoblins
  3 jackals (D:2)
  2 quokkas (D:2)
  8 frilled lizards
  7 kobolds
  5 rats
56 creatures vanquished.

Notes
Turn   | Place    | Note
-------+----------+-------------------------------------------
     0 | D:1      | DuloT34 the Merfolk Gladiator began the quest for the Orb.
     0 | D:1      | Reached XP level 1. HP: 16/16 MP: 1/1
   242 | D:1      | Reached XP level 2. HP: 22/22 MP: 2/2
   658 | D:1      | Found an iron altar of Okawaru.
   718 | D:2      | Reached skill level 5 in Polearms
  1060 | D:2      | Reached XP level 3. HP: 27/27 MP: 3/3
  1488 | D:2      | Reached skill level 1 in Stealth
  1530 | D:2      | Reached skill level 1 in Armour
  1530 | D:2      | Reached XP level 4. HP: 34/34 MP: 4/4
  2103 | D:3      | Found a sparkling altar of Nemelex Xobeh.
  2142 | D:3      | Found a bloodstained altar of Trog.
  2291 | D:3      | Reached skill level 5 in Dodging
  2580 | D:3      | Found a blossoming altar of Fedhas.
  2726 | D:3      | Noticed Natasha
  2749 | D:3      | Killed from afar by a shadow imp

Illustrated notes

Levels and vault maps discovered:
D:1:      minmay_arrival_wavy_path, layout_rooms, minmay_misc_feat_five,
          minmay_liquid_box, st_stairs_11, minmay_misc_feat_rugged,
          okawaru_ov_weapons_minmay
D:2:      layout_basic, first_ration, serial_curves, eino_curves_01,
          eino_curves_01
D:3:      layout_loops_corners, fedhas_altar_fruit_tree, lemuel_round_altar,
          nemelex_xobeh_ov_fountains_minmay, uniq_natasha

Skill      XL: |  1  2  3  4 |
---------------+-------------+-----
Polearms       | 5 |  5.4
Stealth        | 1 |  1.3
Armour         | 1 |  1.0
Dodging        | 5 |  5.1
Fighting       | |  2.7
Throwing       | |  2.0

Action                   |  1- 3 |  4- 6 || total
-------------------------+-------+-------++-------
Melee: Trident           |   121 |    95 ||   216
  Use: Scroll            |     1 |     1 ||     2
       Potion            |       |     2 ||     2
 Stab: Sleeping          |     2 |     1 ||     3
       Distracted        |       |     1 ||     1
  Eat: Chunk             |     2 |     4 ||     6
Armor: Leather armour    |    27 |    16 ||    43
Dodge: Dodged            |    77 |    45 ||   122
